 Dungeon Crawl Stone Soup version 0.22-a0-305-gd21a89c (webtiles) character file.

118 Amnesiac the Cutter (level 5, -1/32 HPs)
             Began as a Kobold Fighter on Mar 31, 2018.
             Slain by Crazy Yiuf
             ... wielding a +4 quarterstaff of chaos
              (2 damage)
             ... while paralysed by Crazy Yiuf
             ... on level 2 of the Dungeon.
             The game lasted 00:03:35 (2529 turns).

Amnesiac the Cutter (Kobold Fighter)                Turns: 2529, Time: 00:03:35

Health: -1/32      AC:  6    Str: 14    XL:     5   Next: 23%
Magic:  5/5        EV:  3    Int:  9    God:
Gold:   164        SH:  0    Dex: 15    Spells: 4/4 levels left

rFire    . . .     SeeInvis .   a - +2 long sword (elec)
rCold    . . .     Gourm    .   c - +0 shield
rNeg     . . .     Faith    .   m - +0 scale mail
rPois    .         Spirit   .   (no helmet)
rElec    .         Reflect  +   (no cloak)
rCorr    .         Harm     .   (no gloves)
MR       .....                  (no boots)
Stlth    ..........             e - +5 amulet of reflection
HPRegen  0.10/turn              k - ring of flight
MPRegen  0.09/turn              (no ring)

@: paralysed, slowed, drained
A: small, carnivore
a: Evoke Flight


You were on level 2 of the Dungeon.
You were very full.

You visited 1 branch of the dungeon, and saw 4 of its levels.

You collected 164 gold pieces.

Inventory:

Hand Weapons
 a - a +2 long sword of electrocution (weapon)
 b - a +0 blowgun
 s - a +0 rapier
Armour
 c - a +0 shield (worn)
 m - a +0 scale mail (worn)
 t - a +0 cloak
Jewellery
 e - a +5 amulet of reflection (around neck)
 k - a ring of flight (left hand)
Scrolls
 i - a scroll of noise {!r, unknown}
 j - 2 scrolls of remove curse {!r, unknown}
 l - 4 scrolls of identify {!r, unknown}
 n - a scroll of amnesia {!r, unknown}
 o - a scroll of blinking {!r, unknown}
 p - 2 scrolls of teleportation {!r, unknown}
 r - a scroll of fear {!r, unknown}
Potions
 d - a potion of might {!q}
 g - a potion of berserk rage {!q, unknown}
 h - a potion of curing {!q, unknown}
 q - a potion of degeneration {!q, unknown}
Comestibles
 f - 6 rations


   Skills:
 - Level 3.2(2.3) Fighting
 * Level 5.9(4.9) Short Blades
 - Level 2.4(1.5) Armour
 - Level 2.4(1.5) Dodging
 - Level 2.4(1.5) Shields


You had 4 spell levels left.
You didn't know any spells.

Dungeon Overview and Level Annotations

Branches:
Dungeon (4/15)
 Temple: D:4-7

Altars:
Ashenzari
Hepliaklqana
Xom
The Shining One

Annotations:
D:2 Crazy Yiuf


Innate Abilities, Weirdness & Mutations

You are small and have problems with some larger weapons.
You are carnivorous and can eat meat at any time.


Message History

Key pressed, stopping explore.
No target in view!
Some of the chunks of flesh in your inventory have rotted away.
Found a runed door.
No target in view!
Some of the chunks of flesh in your inventory have rotted away.
Key pressed, stopping explore.
No target in view!
All of the chunks of flesh in your inventory have rotted away.
Key pressed, stopping explore.
No target in view!
You see here a leather armour.
You see here 25 bolts.
There is a stone staircase leading down here.
There is a stone staircase leading down here.
You see here a robe.
Key pressed, stopping explore.
Terence is nearby!
Terence is nearby!
Terence shouts!
You hit Terence but do no damage. Terence hits you but does no damage.
You feel drained.
You closely miss Terence. Terence screams, "I want your blood!"
Terence hits you with a flail of draining.
You feel drained.
Terence hits you with a flail of draining!
You feel drained.
You hit Terence. Lightning courses through Terence!
You kill Terence!
You have reached level 5!
You feel agile.
You start resting.
HP restored.
q - a yellow potion {!q}
Things that are here:
a flail of draining; 20 stones; a scale mail You start resting.
HP restored.
You open the door.
Crazy Yiuf the Enlightened comes into view.
He is wielding a quarterstaff of chaos.
Crazy Yiuf shouts!
Found a mace.
There is an open door here.
You slash Crazy Yiuf!
Crazy Yiuf is heavily wounded.
Crazy Yiuf barely misses you.
You riposte.
You closely miss Crazy Yiuf.
Crazy Yiuf is heavily wounded.
You closely miss Crazy Yiuf.
Crazy Yiuf is heavily wounded.
Crazy Yiuf says, "Castle rumpyflump shoe!"
Crazy Yiuf hits you with a quarterstaff of chaos!
You suddenly lose the ability to move!
Crazy Yiuf hits you with a quarterstaff of chaos.
* * * LOW HITPOINT WARNING * * *
Crazy Yiuf hits you with a quarterstaff of chaos.
* * * LOW HITPOINT WARNING * * *
You feel drained.
* * * LOW HITPOINT WARNING * * *
Crazy Yiuf hits you with a quarterstaff of chaos!
* * * LOW HITPOINT WARNING * * *
You feel yourself slow down.
Crazy Yiuf hits you with a quarterstaff of chaos.
You die...

#.# #.#
##.#.........# #.#
#.######..#.##.##.##.
#.#
#.....##.##.##.##.##(
#.#
##############.......
#.# #....... #.#
♣♣♣♣♣####..### #.#
#### ♣♣♣.♣........)..
#.#
#...#♣..♣............
#.########
#..g@.♣♣♣♣........##.
#........# #)..#♣♣
♣♣....#..##.
########## ####
♣♣##....... ###..##.
#..##. ###### #..##.
#.##.# ##..<. #.##.#
#.##. #.##.####.##.


You could see Crazy Yiuf.

Vanquished Creatures
  Terence (D:2)
  4 adders
  An ooze (D:1)
  A worm (D:3)
  A dart slug (D:1)
  3 bats
  5 giant cockroaches
  5 goblins
  7 hobgoblins
  3 jackals (D:3)
  3 quokkas (D:3)
  2 frilled lizards
  6 kobolds
  5 rats
47 creatures vanquished.

Notes
Turn   | Place    | Note
-------+----------+-------------------------------------------
     0 | D:1      | Amnesiac the Kobold Fighter began the quest for the Orb.
     0 | D:1      | Reached XP level 1. HP: 14/14 MP: 1/1
    36 | D:1      | Reached skill level 3 in Short Blades
    83 | D:2      | Noticed Terence
   130 | D:1      | Reached skill level 1 in Dodging
   130 | D:1      | Reached XP level 2. HP: 19/19 MP: 2/2
   207 | D:1      | Reached XP level 3. HP: 18/23 MP: 3/3
   251 | D:1      | Reached skill level 4 in Short Blades
   360 | D:2      | You fall through a shaft!
  1008 | D:4      | Noticed an ogre
  1218 | D:3      | Reached XP level 4. HP: 27/28 MP: 4/4
  1320 | D:3      | Found a glowing golden altar of the Shining One.
  1417 | D:3      | Found a shattered altar of Ashenzari.
  1609 | D:2      | Reached skill level 5 in Short Blades
  1672 | D:2      | Found a shimmering altar of Xom.
  1673 | D:2      | Found a hazy altar of Hepliaklqana.
  1673 | D:2      | Noticed a boggart
  1674 | D:2      | Noticed a spectral ugly thing
  1674 | D:2      | Noticed a boggart
  2198 | D:2      | Found a runed door.
  2366 | D:2      | Killed Terence
  2366 | D:2      | Reached XP level 5. HP: 17/32 MP: 5/5
  2522 | D:2      | Noticed Crazy Yiuf
  2525 | D:2      | Paralysed by Crazy Yiuf for 6 turns
  2528 | D:2      | HP: 1/32 [Crazy Yiuf/quarterstaff of chaos (9)]
  2529 | D:2      | Slain by Crazy Yiuf

Vault maps used:
D:1:      dpeg_arrival_signposts, minmay_pentomino_t4
D:2:      regret_index_temple_of_mockery, uniq_terence, uniq_crazy_yiuf_cottage
D:3:      nicolae_tso_swordbearing_angel, first_ration, ashenzari_altar_1
D:4:      kennysheep_mini_moat, okawaru_trees_1

Skill      XL: |  1  2  3  4 |
---------------+-------------+-----
Short Blades   | 3 4 5 |  5.9
Dodging        | 1 2 |  2.4
Fighting       | |  3.2
Armour         | |  2.4
Shields        | |  2.4

Action                   |  1- 3 |  4- 6 || total
-------------------------+-------+-------++-------
Melee: Rapier            |   149 |    35 ||   184
       Long sword        |       |     6 ||     6
  Eat: Chunk             |    10 |     3 ||    13
Armor: Scale mail        |    28 |     9 ||    37
Dodge: Dodged            |    29 |     9 ||    38
Block: Shield            |   103 |    18 ||   121
       Reflection        |     5 |       ||     5
       Rpst.: Long sword |       |     1 ||     1

Table legend:
 A = Spawn XP
 B = Non-spawn XP
 C = Spawn XP percentage of total XP
 D = Spawn monster count
 E = Non-spawn monster count
 F = Spawn count percentage of total count
 G = Total turns spent on level
                    A         B        C        D         E        F      G
               +---------+---------+-------+---------+---------+-------+---------
         Total |       0 |     169 |   0.0 |       0 |      47 |   0.0 |  2529
               +---------+---------+-------+---------+---------+-------+---------
           D:1 |       0 |      34 |   0.0 |       0 |      15 |   0.0 |   197
           D:2 |       0 |      92 |   0.0 |       0 |      14 |   0.0 |  1217
           D:3 |       0 |      43 |   0.0 |       0 |      18 |   0.0 |  1089
               +---------+---------+-------+---------+---------+-------+---------
